 Dungeon Crawl Stone Soup version 0.28-a0-1241-gf280a0fbb2 (webtiles) character file.

Game seed: 819934756037778202

162 Grim the Magician (level 5, 36/40 HPs)
             Began as a Djinni Fire Elementalist on Dec 24, 2021.
             Quit the game on level 3 of the Dungeon on Dec 26, 2021.
             The game lasted 00:08:11 (3620 turns).

Grim the Magician (Djinni Fire Elementalist)        Turns: 3620, Time: 00:08:12

Health: 36/40      AC:  2    Str:  7    XL:     5   Next: 71%
Gold:   181        EV: 12    Int: 19    God:
                   SH:  0    Dex: 13

rFire   + + .      SeeInvis .   (no weapon)
rCold   x . .      Faith    .   (no shield)
rNeg    . . .      Spirit   .   a - +0 robe
rPois   ∞          Reflect  .   (no helmet)
rElec   .          Harm     .   (no cloak)
rCorr   .          Rampage  .   (no gloves)
Will    .....                   (boots unavailable)
Stlth   ++........              (no amulet)
HPRegen 0.13/turn               (no ring)
MPRegen 0.00/turn               (no ring)

@: flying
A: sickness immunity, fire resistance 2, cold vulnerability 1, float, innate
caster, hp casting, extra vitality 1
a: no special abilities


You were on level 3 of the Dungeon.
You visited 1 branch of the dungeon, and saw 3 of its levels.

You collected 181 gold pieces.

Inventory:

Armour
 a - a +0 robe (worn)
Scrolls
 b - a scroll of fear {unknown}
 c - a scroll of vulnerability {unknown}
 d - a scroll of immolation {unknown}
 e - a scroll of brand weapon {unknown}
 f - 2 scrolls of identify {unknown}
Potions
 g - a potion of invisibility
 h - a potion of brilliance {unknown}


   Skills:
 + Level 3.3 Fighting
 - Level 2.1 Dodging
 - Level 1.5 Stealth
 + Level 3.6 Spellcasting


You couldn't memorise any spells.
You knew the following spells:

 Your Spells              Type           Power      Damage    Failure   Level
a - Foxfire               Conj/Fire      68%        2x1d7     3%          1
b - Scorch                Fire           34%        2d6       4%          2
c - Conjure Flame         Conj/Fire      17%        6-21      10%         3
d - Inner Flame           Hex/Fire       17%        N/A       10%         3
e - Flame Wave            Conj/Fire      17%        2d5       30%         4
f - Sting                 Tmut/Pois      68%        1d6       3%          1
g - Poisonous Vapours     Pois/Air       34%        N/A       4%          2
Your spell library was empty.

Dungeon Overview and Level Annotations

Branches:
Dungeon (3/15)

Altars:

Shops:
D:1 ?


Innate Abilities, Weirdness & Mutations

You are immune to sickness and miasma.
You are immune to poison.
Your flesh is very heat resistant. (rF++)
You are vulnerable to cold. (rC-)
You float through the air rather than walking.
You learn spells naturally, not from books.
Your magical power is your life essence.
You have superior vitality. (+4 MHP)


Message History

You conjure some foxfire!
* * * LOW HITPOINT WARNING * * *
The dart slug launches a dart at you. The slug dart hits you.
* * * LOW HITPOINT WARNING * * *
The foxfire hits the dart slug.
The dart slug is almost dead.
You start resting.
A dart slug is nearby!
Casting: Foxfire (safe; 3% risk of failure)
Confirm with . or Enter, or press ? or * to list all spells.
Flames lash the dart slug.
You kill the dart slug!
* * * LOW HITPOINT WARNING * * *
You start resting.
HP restored.
A hobgoblin comes into view. It is carrying a wand of flame (5).
You see here a dart slug corpse.
A hobgoblin is nearby!
No target in view!
No target in view!
No target in view!
A hobgoblin is nearby!
The hobgoblin shouts!
A hobgoblin is nearby!
Casting: Scorch (safe; 4% risk of failure)
Confirm with . or Enter, or press ? or * to list all spells.
You conjure some foxfire!
The foxfire hits the hobgoblin but does no damage.
The hobgoblin drinks a potion.
The hobgoblin flickers and vanishes!
Deactivating autopickup; reactivate with Ctrl-A.
The foxfire hits something.
Casting: Foxfire (safe; 3% risk of failure)
Confirm with . or Enter, or press ? or * to list all spells.
The fire begins to smoulder!
Welcome back, Grim the Djinni Fire Elementalist.
Press ? for a list of commands and other information.
Cast which spell? (? or * to list)
Okay, then.
Are you sure you want to abandon this character and quit the game? (Confirm with "yes".)

...# .##..# #.###......
...###.....## #..........
........ .....###.÷...)....
...#... #.##....>.÷..<....
.....#.###.#####...)÷[..)..
.......................)...
...# ##..#...####......)...
#..#####...######..........
..#........####.@..#..)....
#...####.#......####.#.....
##....##...##...## .##....
#.##.........#..## ## ####
#..#######.##†....# ..##
#.)..#.....# ..
#÷..........# ..
#............ ..
#.........##.


There were no monsters in sight!

Vanquished Creatures
  An orc wizard (D:2)
  6 adders
  An adder skeleton (D:3)
  A worm (D:2)
  A dart slug (D:3)
  7 orcs
  2 endoplasms
  3 giant cockroaches (D:1)
  10 goblins
  9 hobgoblins
  4 quokkas
  5 ball pythons
  4 bats
  4 frilled lizards
  4 kobolds
  8 rats
70 creatures vanquished.

Vanquished Creatures (others)
  A demonic plant (D:1)
  90 foxfires
  A fungus (D:1)
92 creatures vanquished.

Grand Total: 162 creatures vanquished

Notes
Turn   | Place    | Note
-------+----------+-------------------------------------------
     0 | D:1      | Grim the Djinni Fire Elementalist began the quest for the
                  | Orb.
     0 | D:1      | Reached XP level 1. HP: 15/15 MP: 0/0
   119 | D:1      | Reached XP level 2. HP: 10/22 MP: 0/0
   309 | D:1      | Reached skill level 1 in Fighting
   738 | D:1      | Reached XP level 3. HP: 20/27 MP: 0/0
   738 | D:1      | Learned a level 1 spell: Sting
   938 | D:1      | Found a faded altar of an unknown god.
  1142 | D:1      | Found Cis Suss's Magic Scroll Shop.
  1797 | D:2      | Reached XP level 4. HP: 14/33 MP: 0/0
  2210 | D:2      | Reached XP level 5. HP: 8/40 MP: 0/0
  2210 | D:2      | Learned a level 2 spell: Poisonous Vapours
  3620 | D:3      | Upgraded the game from 0.28-a0-1234-g826d19b2e0 to
                  | 0.28-a0-1241-gf280a0fbb2
  3620 | D:3      | Quit the game

Illustrated notes

Levels and vault maps discovered:
D:1:      saegor_arrival_simple_a, layout_basic, serial_shops, shop_coins,
          serial_glass, glass_columns_c, glass_columns_a, item_on_display_a,
          minmay_strange_pillars, feat_on_display, shapermc_ecumenical_altar_gd
D:2:      layout_loops_ring
D:3:      layout_rooms, fedhas_altar_1, general_overflow_altar,
          vehumet_crystals, serial_bayou_crossing

Skill      XL: |  1  2  3  4  5 |
---------------+----------------+-----
Fighting       | 1 2 3 |  3.3
Spellcasting   | 3 |  3.6
Dodging        | |  2.1
Stealth        | |  1.5

Action                   |  1- 3 |  4- 6 || total
-------------------------+-------+-------++-------
Melee: Unarmed           |     4 |       ||     4
 Cast: Foxfire           |    35 |    21 ||    56
       Scorch            |    17 |    21 ||    38
       Sting             |     1 |     4 ||     5
       Inner Flame       |     1 |     3 ||     4
       Conjure Flame     |     1 |     1 ||     2
       Poisonous Vapours |       |     4 ||     4
Armor: Robe              |     4 |     6 ||    10
Dodge: Dodged            |    11 |     8 ||    19

Table legend: (Time is in decaauts)
 A = Elapsed time spent in this place.
 B = Non-inter-level travel time spent in this place.
 C = Inter-level travel time spent in this place.
 D = Time resting spent in this place.
 E = Time spent auto-exploring this place.
 F = Levels seen in this place.
 G = Mean time per level.
                   A        B        C        D        E       F      G
               +--------+--------+--------+--------+--------+-----+--------+
         Total |   3619 |   3519 |    100 |   1195 |   1955 |   3 | 1206.3 |
       Dungeon |   3619 |   3519 |    100 |   1195 |   1955 |   3 | 1206.3 |
               +--------+--------+--------+--------+--------+-----+--------+

Top non-repeatable levels by time:
     D:2: 1675 daAuts
     D:1: 1525 daAuts
     D:3: 418 daAuts
